 Dungeon Crawl Stone Soup version 0.26-a0-996-g6b303dbc09 (webtiles) character file.

Game seed: 7821157676877800156

106344 EiAlmux the Devastator (level 15, 0/92 HPs)
             Began as a Deep Elf Conjurer on Dec 6, 2020.
             Was an Elder of Sif Muna.
             Slain by a bunyip (25 damage)
             ... on level 2 of the Swamp.
             The game lasted 02:36:16 (41821 turns).

EiAlmux the Devastator (Deep Elf Conjurer)         Turns: 41821, Time: 02:36:16

Health: 0/92       AC: 10    Str:  6    XL:     15   Next: 97%
Magic:  28/37      EV: 14    Int: 28    God:    Sif Muna [****..]
Gold:   1188       SH:  4    Dex: 11    Spells: 19/46 levels left

rFire    + . .     SeeInvis .   F - +2 dagger (vamp)
rCold    . . .     Faith    .   G - +0 buckler
rNeg     + . .     Spirit   .   e - +2 leather armour {MR+}
rPois    .         Reflect  .   q - +0 hat
rElec    .         Harm     .   a - +0 cloak
rCorr    .         Rampage  +   i - +1 pair of gloves
MR       +++++                  N - +1 pair of boots of Springtime {Rampage MR+++ Dex-2 Slay+2}
Stlth    +.........             (no amulet)
HPRegen  0.25/turn              u - ring of positive energy
MPRegen  0.25/turn              b - ring of protection from fire

@: studying Shields, very slow
A: no striking features
a: Channel Magic, Forget Spell, Divine Exegesis, Renounce Religion


You were on level 2 of the Swamp.
You worshipped Sif Muna.
Sif Muna was greatly pleased with you.
You visited 5 branches of the dungeon, and saw 26 of its levels.

You collected 2284 gold pieces.
You spent 1096 gold pieces at shops.

Inventory:

Hand Weapons
 F - a +2 vampiric dagger (weapon)
Armour
 a - a +0 cloak (worn)
 e - a +2 leather armour of magic resistance (worn)
 i - a +1 pair of gloves (worn)
 q - a +0 hat (worn)
 G - a +0 buckler (worn)
 L - a +2 robe of cold resistance
 N - the +1 pair of boots of Springtime (worn) {Rampage MR+++ Dex-2 Slay+2}
   (You bought it in a shop on level 2 of the Orcish Mines)

   It affects your dexterity (-2).
   It affects your accuracy and damage with ranged weapons and melee attacks
   (+2).
   It affects your resistance to hostile enchantments.
   It bestows one free step when moving towards enemies.
Magical Staves
 E - an uncursed staff of earth
 I - an uncursed staff of air
Jewellery
 b - a ring of protection from fire (right hand)
 u - a ring of positive energy (left hand)
 z - an uncursed amulet of magic regeneration
 K - an uncursed ring of ice
 M - an uncursed ring of stealth
 R - an uncursed ring of see invisible
 V - an uncursed ring of resist corrosion
 Y - an uncursed ring of wizardry
Wands
 T - a wand of polymorph (7)
Scrolls
 h - 3 scrolls of immolation
 k - 2 scrolls of blinking
 l - 4 scrolls of teleportation
 m - 4 scrolls of enchant weapon
 p - 5 scrolls of magic mapping
 v - 3 scrolls of enchant armour
 x - 6 scrolls of amnesia
 y - 2 scrolls of vulnerability
 A - a scroll of random uselessness {unknown}
 B - 5 scrolls of remove curse
 O - 3 scrolls of fog
 P - 2 scrolls of fear
 Q - a scroll of holy word
 U - a scroll of brand weapon
 W - a scroll of silence
Potions
 d - 3 potions of brilliance
 f - 2 potions of flight
 g - 2 potions of haste
 j - 3 potions of cancellation
 n - 4 potions of might
 o - 4 potions of lignification
 r - 6 potions of heal wounds
 s - 11 potions of curing
 t - 6 potions of attraction
 w - 4 potions of mutation
 D - 4 potions of degeneration
 H - 3 potions of invisibility
 J - 3 potions of resistance
 X - a potion of berserk rage
 Z - 2 potions of magic
Books
 c - a manual of Shields


   Skills:
 - Level 10.0 Fighting
 + Level 6.6 Dodging
 - Level 4.0 Stealth
 - Level 4.0 Shields
 - Level 16.0 Spellcasting
 + Level 18.6 Conjurations
 - Level 3.0 Hexes
 - Level 5.0 Translocations
 * Level 8.4 Fire Magic
 - Level 5.0 Poison Magic
 + Level 10.4 Invocations


You had 19 spell levels left.
You knew the following spells:

 Your Spells              Type           Power        Failure   Level
a - Magic Dart            Conj           ####         0%          1
b - Searing Ray           Conj           ######       0%          2
c - Fulminant Prism       Conj/Hex       ######....   1%          4
d - Iskenderun's Mystic   Conj/Tloc      ######..     1%          4
e - Olgreb's Toxic Radia  Pois           ######..     4%          4
f - Ignite Poison         Fire/Tmut/Pois #####...     1%          3
g - Orb of Destruction    Conj           #######...   1%          7
i - Blink                 Tloc           N/A          1%          2

Your spell library contained the following spells:

 Spells                   Type           Power        Failure   Level
 Foxfire                  Conj/Fire      ####         0%          1
 Apportation              Tloc           ######       1%          1
 Corona                   Hex            #####..      1%          1
 Sting                    Tmut/Pois      ####         1%          1
 Poisonous Vapours        Pois/Air       #####.       1%          2
 Slow                     Hex            #####...     1%          2
 Conjure Flame            Conj/Fire      #######.     1%          3
 Dazzling Flash           Conj/Hex       ######       1%          3
 Inner Flame              Hex/Fire       ######..     1%          3
 Mephitic Cloud           Conj/Pois/Air  ######..     1%          3
 Static Discharge         Conj/Air       ######..     1%          3
 Stone Arrow              Conj/Erth      ######       1%          3
 Sticky Flame             Conj/Fire      #######.     1%          4
 Iskenderun's Battlesphe  Conj           #######.     1%          5
 Lightning Bolt           Conj/Air       ######....   1%          5
 Starburst                Conj/Fire      #######...   1%          6
 Ensorcelled Hibernation  Hex/Ice        ####..       2%          2
 Bolt of Magma            Conj/Fire/Erth ######....   2%          5
 Animate Skeleton         Necr           ###...       3%          1
 Summon Small Mammal      Summ           ###.         3%          1
 Confusing Touch          Hex            #####...     3%          3
 Tukima's Dance           Hex            #####...     3%          3
 Call Imp                 Summ           ###.....     4%          2
 Passwall                 Tmut/Erth      ###.....     4%          2
 Conjure Ball Lightning   Conj/Air       ######....   12%         6
 Iron Shot                Conj/Erth      ######....   12%         6
 Summon Lightning Spire   Summ/Air       ###.....     32%         4
 Freezing Cloud           Conj/Ice/Air   ######....   38%         6
 Silence                  Hex/Air        ####......   45%         5
 Spellforged Servitor     Conj/Summ      ######....   54%         7
 Borgnjor's Vile Clutch   Necr/Erth      ###.......   67%         5
 Lehudib's Crystal Spear  Conj/Erth      ######....   99%         8
 Absolute Zero            Ice            ###.......   100%        9
 Fire Storm               Conj/Fire      #######...   100%        9
 Tornado                  Air            ###.......   100%        9


Dungeon Overview and Level Annotations

Branches:
Dungeon (15/15)            Temple (1/1) D:5            Lair (6/6) D:8
  Swamp (2/4) Lair:3       Spider (0/4) Lair:4        Slime (0/5) Lair:6
    Orc (2/2) D:10            Elf (0/3) Orc:2        Vaults (0/5) D:13
 Depths (0/5) D:15

Altars:
Ashenzari
Cheibriados
Dithmenos
Elyvilon
Fedhas
Gozag
Hepliaklqana
Kikubaaqudgha
Makhleb
Nemelex Xobeh
Okawaru
Qazlal
Ru
Sif Muna
Trog
Uskayaw
Vehumet
Wu Jian
Xom
Yredelemnul
Zin
The Shining One
Beogh
Jiyva

Shops:
D:9 (   D:10 [   D:11 (   Orc:2 !*([!

Portals:
Hell: Lair:6


Message History

A bunyip comes into view.
The spriggan druid enters a dispersal trap!
The spriggan druid blinks!
The bunyip blinks!
The spriggan druid blinks!
The swamp worm blinks!
The spriggan rider blinks!
The bunyip blinks!
The spriggan druid blinks!
The spriggan rider blinks!
You blink.
Splash!
You fall into the shallow water.
Moving in this stuff is going to be slow.
The spriggan druid blinks!
A spriggan comes into view. It is wielding a +0 dagger.
The spriggan shouts! x2
You enter the shallow water.
Moving in this stuff is going to be slow.
The spriggan druid casts a spell at you.
The stone arrow hits you!!
The spriggan rider hits you from afar with a +0 spear!
The bunyip claws you!
* * * LOW HITPOINT WARNING * * *
The bunyip claws you!!
You die...

§ ≈. ≈.≈♣♣♣♣♣♣♣
.≈..≈.≈≈≈♣♣♣
♣..§(†§≈♣.♣♣≈≈
♣..<≈≈≈...≈
♣....≈...).
♣♣..≈≈...$≈≈
♣♣@xi≈≈.≈.≈≈§
♣♣♣♣≈.≈i.≈≈≈..§≈
♣.≈.≈≈≈≈≈.....≈≈
♣≈≈≈.≈≈i≈≈♣w..≈≈≈
♣♣♣♣.≈≈i.i.^...≈≈
...≈≈...≈...
≈≈≈≈≈≈≈♣≈≈≈..
.≈♣.≈≈≈§≈.≈≈≈..
≈..♣ .
♣≈.≈≈≈.≈≈≈≈≈.
≈≈..


You could see a bunyip, a spriggan rider, 2 spriggan druids, a swamp worm and 2
spriggans.

Vanquished Creatures
  Rupert (Lair:4)
  Jorgrun (Orc:2)
  Kirke (Lair:6)
  A fenstrider witch (Swamp:1)
  An orc warlord (Orc:2)
  An ettin (Orc:1)
  Snorg (Orc:2)
  An eleionoma (Swamp:2)
  Fannar (Lair:2)
  A yaktaur captain (D:15)
  An ogre mage (D:15)
  Erolcha (Orc:2)
  2 boulder beetles (D:15)
  The ghost of confidenceinterval the Martial Artist, a journeyman GnMo of Gozag (D:10)
  10 hydras
  2 vault guards (D:13)
  An anaconda (Lair:4)
  A death knight (D:13)
  4 centaur warriors
  8 two-headed ogres
  2 tengu warriors
  7 death yaks
  An alligator (Swamp:1)
  An orc high priest (Orc:2)
  Urug (Lair:1)
  Nergalle (Lair:4)
  A sixfirhy (Lair:6)
  A goliath frog (Swamp:1)
  A skeletal warrior (D:13)
  A wizard (Lair:6)
  An unseen horror (D:13)
  3 lindwurms
  A bog body (Swamp:1)
  A swamp dragon (Swamp:1)
  A phantasmal warrior (D:13)
  4 orc knights
  A wolf spider zombie (D:15)
  A deep elf mage (D:13)
  An oklob plant (D:15)
  5 orc sorcerers
  2 manticores
  A wolf spider (Lair:6)
  2 cyclopes
  6 ugly things
  9 elephants
  4 black mambas
  Joseph (D:7)
  A gargoyle (D:11)
  A torpor snail (Lair:6)
  3 orange demons (Lair:6)
  13 cane toads
  A kobold demonologist (D:13)
  6 rime drakes
  A yaktaur (D:15)
  10 komodo dragons
  A hellwing (Lair:6)
  3 ice devils (Lair:6)
  2 tengu conjurers
  6 trolls
  A polar bear (Lair:3)
  2 hornets (Swamp:1)
  2 jumping spiders (Lair:4)
  2 tyrant leeches (Swamp:1)
  14 blink frogs
  Prince Ribbit (D:7)
  4 dream sheep (Lair:6)
  7 slime creatures
  A spriggan (shapeshifter) (D:13)
  2 spriggans (Swamp:1)
  5 wraiths
  Sigmund (D:2)
  A wyvern (Lair:6)
  A centaur simulacrum (D:10)
  2 redbacks (Lair:4)
  3 shadows
  35 yaks
  8 humans (D:13)
  3 basilisks
  A warg (Orc:1)
  Menkaure (D:5)
  6 swamp worms
  10 vampire mosquitoes
  3 hell hounds (Lair:6)
  A soldier ant (D:12)
  13 water moccasins
  A water moccasin (shapeshifter) (D:15)
  A black bear (D:6)
  2 sky beasts
  A swamp drake (Swamp:1)
  An ice beast (D:5)
  39 orc warriors
  4 phantoms
  7 ogres
  7 necrophages
  An eye of draining (D:10)
  9 wolves
  A boggart (D:13)
  6 centaurs
  A big kobold (D:11)
  18 bullfrogs
  A water moccasin skeleton (D:6)
  10 killer bees
  6 jellies
  5 wights (D:9)
  2 electric eels (Lair:6)
  A howler monkey (D:5)
  3 bullfrog zombies
  6 centaur zombies
  8 hounds
  40 orc priests
  3 centaur skeletons
  Jessica (D:2)
  Ijyb (D:5)
  2 iguanas
  37 orc wizards
  5 hell rats (Lair:4)
  13 worker ants
  4 gnolls (Orc:1)
  11 adders
  4 white imps
  2 ufetubi
  4 oozes
  2 adder skeletons (D:5)
  5 worms
  3 dart slugs
  6 leopard geckos
  149 orcs
  A ball python (D:7)
  5 giant cockroaches
  8 goblins
  6 hobgoblins
  17 jackals
  5 quokkas
  A ball python skeleton (D:4)
  4 bats
  6 frilled lizards
  A jackal skeleton (D:8)
  8 kobolds
  11 rats
786 creatures vanquished.

Vanquished Creatures (others)
  2 bloated husks (Swamp:1)
  A shadow (D:14)
  8 humans
  An orc (Orc:2)
  2 bushes (Lair:6)
  85 fulminant prisms
  42 fungi
  68 plants
209 creatures vanquished.

Grand Total: 995 creatures vanquished

Notes
Turn   | Place    | Note
-------+----------+-------------------------------------------
     0 | D:1      | EiAlmux the Deep Elf Conjurer began the quest for the Orb.
     0 | D:1      | Reached XP level 1. HP: 10/10 MP: 6/6
   211 | D:1      | Reached XP level 2. HP: 15/15 MP: 5/8
   214 | D:1      | Learned a level 2 spell: Searing Ray
  1007 | D:1      | Reached XP level 3. HP: 19/19 MP: 8/10
  1416 | D:2      | Noticed Jessica
  1420 | D:2      | Killed Jessica
  1421 | D:2      | Reached skill level 5 in Conjurations
  1540 | D:2      | Found an ancient bone altar of Kikubaaqudgha.
  1541 | D:2      | Found a basalt altar of Yredelemnul.
  1541 | D:2      | Found a stormy altar of Qazlal.
  1545 | D:2      | Found a blossoming altar of Fedhas.
  1545 | D:2      | Found a glowing golden altar of the Shining One.
  1546 | D:2      | Found a burning altar of Makhleb.
  1709 | D:2      | Reached XP level 4. HP: 24/24 MP: 9/12
  1714 | D:2      | Learned a level 4 spell: Fulminant Prism
  2108 | D:2      | Noticed Sigmund
  2141 | D:2      | Killed Sigmund
  2142 | D:2      | Reached skill level 5 in Spellcasting
  2142 | D:2      | Reached XP level 5. HP: 10/28 MP: 4/14
  2399 | D:2      | Reached skill level 6 in Conjurations
  2953 | D:3      | Reached XP level 6. HP: 32/32 MP: 9/15
  3991 | D:4      | Reached skill level 1 in Fighting
  4341 | D:4      | Reached XP level 7. HP: 16/38 MP: 5/17
  4370 | D:4      | Found a glowing drain.
  4417 | D:4      | Reached skill level 7 in Conjurations
  4778 | D:4      | Learned a level 4 spell: Iskenderun's Mystic Blast
  4779 | D:5      | Entered Level 5 of the Dungeon
  4863 | D:5      | Noticed Ijyb
  4913 | D:5      | Killed Ijyb
  5135 | D:5      | Found a staircase to the Ecumenical Temple.
  5141 | Temple   | Entered the Ecumenical Temple
  5258 | Temple   | Became a worshipper of Sif Muna the Loreminder
  5312 | D:5      | Reached skill level 1 in Translocations
  5668 | D:5      | Found a shadowy altar of Dithmenos.
  5707 | D:5      | Found a sparkling altar of Nemelex Xobeh.
  6140 | D:5      | Noticed Menkaure
  6147 | D:5      | Killed Menkaure
  6148 | D:5      | Reached skill level 8 in Conjurations
  6148 | D:5      | Reached XP level 8. HP: 26/45 MP: 11/20
  6399 | D:6      | Reached skill level 1 in Invocations
  6751 | D:6      | Reached * piety under Sif Muna
  7041 | D:6      | Found an iron altar of Okawaru.
  7093 | D:6      | Reached skill level 9 in Conjurations
  7841 | D:7      | Noticed Prince Ribbit
  7845 | D:7      | Killed Prince Ribbit
  7846 | D:7      | Reached XP level 9. HP: 51/51 MP: 16/22
  8171 | D:7      | Noticed Joseph
  8470 | D:7      | Found a shadowy altar of Dithmenos.
  8707 | D:7      | Reached skill level 5 in Invocations
  9032 | D:7      | Killed Joseph
  9120 | D:7      | Reached ** piety under Sif Muna
  9748 | D:8      | Reached skill level 10 in Conjurations
 10032 | D:8      | Found a staircase to the Lair.
 10150 | D:8      | Reached skill level 5 in Fighting
 10258 | D:8      | Learned a level 4 spell: Olgreb's Toxic Radiance
 10419 | D:9      | Reached XP level 10. HP: 52/59 MP: 19/25
 10505 | D:9      | Reached skill level 1 in Poison Magic
 10793 | D:9      | Reached *** piety under Sif Muna
 10843 | D:9      | Reached skill level 10 in Spellcasting
 10873 | D:9      | Found Elilij's Weapon Shoppe.
 11507 | D:9      | Learned a level 2 spell: Blink
 11597 | D:9      | Found a sacrificial altar of Ru.
 11728 | D:10     | Entered Level 10 of the Dungeon
 11728 | D:10     | Found a staircase to the Orcish Mines.
 11917 | D:10     | Noticed a manticore
 11929 | D:10     | Killed a manticore
 12421 | D:10     | Reached skill level 11 in Conjurations
 12425 | D:10     | Learned a level 3 spell: Ignite Poison
 12547 | D:10     | Reached skill level 1 in Fire Magic
 12661 | D:10     | Noticed an eight-headed hydra
 12793 | D:10     | Found a transporter.
 12795 | D:10     | Found a transporter.
 12795 | D:10     | Noticed confidenceinterval's ghost (journeyman GnMo)
 12806 | D:10     | Learned a level 7 spell: Orb of Destruction
 12913 | D:10     | Found Irghe's Armour Emporium.
 12925 | D:10     | You fall into a shaft and drop 3 floors!
 12962 | D:13     | Noticed a death knight
 13291 | D:12     | Reached XP level 11. HP: 57/64 MP: 18/28
 13469 | D:12     | Found a roughly hewn altar of Beogh.
 13471 | D:12     | Reached **** piety under Sif Muna
 13691 | D:12     | Noticed a two-headed ogre
 14045 | D:11     | Noticed a cyan ugly thing
 14786 | D:10     | Killed an eight-headed hydra
 14787 | D:10     | Reached skill level 12 in Conjurations
 14948 | D:10     | Reached skill level 5 in Poison Magic
 15573 | D:11     | Found a white marble altar of Elyvilon.
 15666 | D:11     | Noticed a green ugly thing
 16725 | D:11     | Noticed a white ugly thing
 16891 | Lair:1   | Entered Level 1 of the Lair of Beasts
 16891 | Lair:1   | Noticed a six-headed hydra
 17660 | Lair:1   | Killed a six-headed hydra
 17661 | Lair:1   | Reached XP level 12. HP: 70/70 MP: 6/30
 17662 | Lair:1   | Reached skill level 13 in Conjurations
 17824 | Lair:1   | Noticed a five-headed hydra
 17857 | Lair:1   | Noticed Urug
 17862 | Lair:1   | Killed a five-headed hydra
 17998 | Lair:1   | Killed Urug
 18150 | Lair:1   | You fall into a shaft and drop 1 floor!
 18151 | Lair:2   | Noticed Fannar
 18160 | Lair:2   | Killed Fannar
 19104 | Lair:2   | You fall into a shaft and drop 1 floor!
 19104 | Lair:3   | Noticed a six-headed hydra
 19110 | Lair:3   | Killed a six-headed hydra
 19409 | Lair:3   | Found a staircase to the Swamp.
 19888 | Lair:2   | Reached skill level 5 in Translocations
 19890 | Lair:2   | Reached skill level 14 in Conjurations
 21292 | Lair:4   | Noticed Nergalle
 21298 | Lair:4   | Noticed Rupert
 21314 | Lair:4   | Killed Nergalle
 21381 | Lair:4   | Paralysed by Rupert for 3 turns
 21383 | Lair:4   | Killed Rupert
 21384 | Lair:4   | Reached XP level 13. HP: 49/76 MP: 12/32
 22170 | Lair:4   | Reached skill level 15 in Conjurations
 23351 | Lair:4   | Found a hole to the Spider Nest.
 24751 | Lair:6   | Entered Level 6 of the Lair of Beasts
 24910 | Lair:6   | Found a staircase to the Slime Pits.
 24911 | Lair:6   | Found a viscous altar of Jiyva.
 25044 | Lair:6   | Noticed Kirke
 25045 | Lair:6   | Reached skill level 16 in Conjurations
 25050 | Lair:6   | Killed Kirke
 25734 | Lair:6   | Reached skill level 15 in Spellcasting
 26068 | Lair:5   | Reached XP level 14. HP: 81/84 MP: 9/35
 27467 | Lair:6   | Reached skill level 17 in Conjurations
 27860 | Lair:6   | Found a burning altar of Makhleb.
 28349 | Lair:6   | Found a gateway to Hell.
 28775 | D:10     | Killed confidenceinterval's ghost
 28992 | D:11     | Found Sucihan's Weapon Shop.
 29410 | D:12     | Reached ***** piety under Sif Muna
 29565 | D:12     | Identified Sif Muna's Guide on the Gliding Rocks (Sif Muna
                  | gifted it to you on level 12 of the Dungeon)
 29565 | D:12     | Received a gift from Sif Muna
 30437 | Orc:1    | Entered Level 1 of the Orcish Mines
 31733 | Orc:2    | Entered Level 2 of the Orcish Mines
 31753 | Orc:2    | Noticed Jorgrun
 32122 | Orc:2    | Killed Jorgrun
 32257 | Orc:2    | Found a roughly hewn altar of Beogh.
 32341 | Orc:2    | Noticed Erolcha
 32348 | Orc:2    | Killed Erolcha
 32592 | Orc:2    | Identified Neihupluad's Grimoire of Harmful Snow (Sif Muna
                  | gifted it to you on level 2 of the Orcish Mines)
 32592 | Orc:2    | Received a gift from Sif Muna
 32979 | Orc:2    | Noticed an orc warlord
 33097 | Orc:2    | Killed an orc warlord
 33098 | Orc:2    | Reached XP level 15. HP: 77/92 MP: 14/37
 33268 | Orc:2    | Found Zusaen's Antique Armour Shop.
 33269 | Orc:2    | Found a roughly hewn altar of Beogh.
 33271 | Orc:2    | Found Saku's Antique Weapon Boutique.
 33277 | Orc:2    | Bought a buckler for 135 gold pieces
 33277 | Orc:2    | Bought a pair of ichor-stained boots for 285 gold pieces
 33293 | Orc:2    | Identified the +1 pair of boots of Springtime {Rampage
                  | MR+++ Dex-2 Slay+2} (You bought it in a shop on level 2 of
                  | the Orcish Mines)
 33327 | Orc:2    | Found Utteud's Distillery.
 33335 | Orc:2    | Bought a potion of brilliance for 68 gold pieces
 33335 | Orc:2    | Bought a potion of mutation for 136 gold pieces
 33370 | Orc:2    | Found a roughly hewn altar of Beogh.
 33601 | Orc:2    | Found a roughly hewn altar of Beogh.
 33602 | Orc:2    | Found Wotz's Distillery.
 33610 | Orc:2    | Bought a potion of heal wounds for 70 gold pieces
 33610 | Orc:2    | Bought a potion of invisibility for 112 gold pieces
 33610 | Orc:2    | Bought 2 potions of heal wounds for 140 gold pieces
 33620 | Orc:2    | Found a staircase to the Elven Halls.
 33639 | Orc:2    | Found a roughly hewn altar of Beogh.
 33648 | Orc:2    | Found a roughly hewn altar of Beogh.
 33653 | Orc:2    | Reached skill level 18 in Conjurations
 33725 | Orc:2    | Found Eska Caix's General Store.
 33737 | Orc:2    | Bought a +0 helmet for 54 gold pieces
 33737 | Orc:2    | Bought a potion of magic for 96 gold pieces
 33770 | Orc:2    | Found a roughly hewn altar of Beogh.
 33840 | Orc:2    | Found a roughly hewn altar of Beogh.
 33845 | Orc:2    | Reached skill level 1 in Shields
 34247 | Orc:2    | Noticed Snorg
 34253 | Orc:2    | Killed Snorg
 34254 | Orc:2    | Reached skill level 5 in Fire Magic
 34852 | D:13     | Reached skill level 10 in Fighting
 35522 | D:13     | Identified Sif Muna's Almanac of Darkness and the Arsonist
                  | (Sif Muna gifted it to you on level 13 of the Dungeon)
 35522 | D:13     | Received a gift from Sif Muna
 36646 | D:13     | Found a gate to the Vaults.
 37546 | D:15     | Entered Level 15 of the Dungeon
 37917 | D:15     | Reached skill level 5 in Dodging
 38283 | D:15     | Reached skill level 10 in Invocations
 38736 | D:15     | Found a glowing silver altar of Zin.
 38928 | D:15     | Found a staircase to the Depths.
 39922 | Swamp:1  | Entered Level 1 of the Swamp
 41357 | Swamp:1  | Noticed a fenstrider witch
 41359 | Swamp:1  | Killed a fenstrider witch
 41821 | Swamp:2  | Slain by a bunyip

Illustrated notes

Levels and vault maps discovered:
D:1:      dpeg_arrival_rhombi, layout_loops_corners
D:2:      layout_loops_corners, grunt_temple_overflow_open,
          serial_co_window_serial, co_window_cross_1, co_window_paths_a,
          co_window_paths_a, co_window_corner_a, co_window_paths_b,
          co_window_paths_b, co_window_broadway_a, co_window_broadway_b,
          co_window_corner_b, co_window_of_opportunity_b,
          co_window_of_opportunity_b, glass_columns_a, glass_columns_b,
          glass_columns_b, glass_columns_a, glass_columns_a, uniq_sigmund,
          uniq_jessica
D:3:      layout_loops_ring
D:4:      layout_cave_pools, cheibrodos_sewer_entry_bend, minmay_misc_feat_x,
          kennysheep_boxes
D:5:      layout_gridville, nicolae_overflow_crystal_walls,
          minmay_temple_entry_hall, basic_altar, uniq_ijyb, uniq_menkaure
D:6:      layout_loops_ring, okawaru_trees_1
D:7:      layout_loops_ring, grunt_dithmenos_shadows, uniq_prince_ribbit1,
          uniq_joseph
D:8:      layout_basic, lair_entry_dummy
D:9:      layout_loops_ring, nicolae_ru_path_of_blood, serial_shops,
          nicolae_shop_statue_plus, grunt_ministairs_11
D:10:     layout_cave_pools, david_orc_3, gammafunk_ghost_mausoleum,
          serial_shops, shop, kennysheep_cluttered_room, amethyst_killhole,
          minmay_diamond_spiral
D:11:     layout_irregular_city, basic_altar, serial_shops,
          nicolae_shop_behind_doors
D:12:     layout_roguey [special_room_orc], gauntlet_entry_generic
D:13:     layout_irregular_city, ximxim_vaults_locker_room,
          grunt_decor_arrowhead, grunt_ministairs_15, grunt_tough_drop
D:14:     layout_basic, grunt_decor_fettered
D:15:     grunt_enter_depths_snipers, layout_cave_pods,
          hangedman_abyss_or_decor_passed, lemuel_oklob_altar
Temple:   oiseaux_autumnal_temple
Lair:1:   layout_big_grid, uniq_urug
Lair:2:   layout_regular_city, ldierk_geyser, lemuel_fruit_tree, uniq_fannar
Lair:3:   layout_gridlike, swamp_mist_pool, roderic_carrion_pond
Lair:4:   layout_regular_city, spider_nest_entry_a, st_stairs_6,
          chequers_serial_rivers_small_3, hangedman_lair_generics_rect,
          uniq_rupert, uniq_nergalle
Lair:5:   layout_gridlike, serial_bayou_shore_b
Lair:6:   evil_forest, layout_small_grid, slime_altar_1,
          chequers_serial_rivers_micro_a, serial_bayou_shore_a, uniq_kirke
Swamp:1:  layout_basic_swamp, hangedman_swamp_pad, swamp_pool4
Swamp:2:  layout_basic_swamp, hangedman_swamp_cone
Orc:1:    layout_caves, nicolae_volcano_entry_vermiform
Orc:2:    grunt_orc_community_town_hall, layout_caves,
          grunt_orc_community_big_house_1, grunt_orc_community_big_house_1,
          grunt_orc_community_house_3, grunt_orc_community_house_3,
          grunt_orc_community_house_1, grunt_orc_community_house_3,
          grunt_orc_community_house_3, grunt_orc_community_house_2,
          serial_shops, nicolae_shop_statue_plus, nicolae_orc_damp_corner,
          minmay_orc_keep, uniq_jorgrun, uniq_snorg, uniq_erolcha

Skill      XL: |  1  2  3  4  5  6  7  8  9 10 11 12 13 14 15 |
---------------+----------------------------------------------+-----
Stealth        | 3 4 |  4.0
Spellcasting   | 4 5 6 7 9 11 12 13 15 16 | 16.0
Conjurations   | 5 6 8 9 10 11 12 14 16 17 18 | 18.6
Hexes          | 2 3 |  3.0
Fighting       | 1 2 3 5 6 7 8 9 10 | 10.0
Translocations | 2 3 5 |  5.0
Invocations    | 4 5 6 8 10 | 10.4
Poison Magic   | 3 5 |  5.0
Fire Magic     | 3 4 8 |  8.4
Dodging        | 4 6 |  6.6
Shields        | 4 |  4.0

Action                   |  1- 3 |  4- 6 |  7- 9 | 10-12 | 13-15 || total
-------------------------+-------+-------+-------+-------+-------++-------
Melee: Dagger            |       |       |       |     2 |    18 ||    20
 Cast: Magic Dart        |    48 |   104 |   172 |   241 |   344 ||   909
       Searing Ray       |     6 |    14 |    57 |   103 |   121 ||   301
       Fulminant Prism   |       |     1 |    12 |    39 |    33 ||    85
       Iskenderun's Myst |       |       |     8 |    69 |   171 ||   248
       Ignite Poison     |       |       |       |    13 |    47 ||    60
       Olgreb's Toxic Ra |       |       |       |    13 |    48 ||    61
       Blink             |       |       |       |     1 |     2 ||     3
       Orb of Destructio |       |       |       |     3 |   113 ||   116
Invok: Channel Magic     |       |       |       |     6 |     8 ||    14
       Divine Exegesis   |       |       |       |     2 |       ||     2
  Use: Scroll            |       |     4 |    11 |     7 |     7 ||    29
       Potion            |       |       |       |     1 |     3 ||     4
Armor: Robe              |     1 |    17 |    16 |    36 |       ||    70
       Leather armour    |       |       |       |    24 |    85 ||   109
Dodge: Dodged            |     1 |    22 |    43 |   109 |   146 ||   321
Block: Buckler           |       |       |       |       |    26 ||    26

Table legend: (Time is in decaauts)
 A = Elapsed time spent in this place.
 B = Non-inter-level travel time spent in this place.
 C = Inter-level travel time spent in this place.
 D = Time resting spent in this place.
 E = Time spent auto-exploring this place.
 F = Levels seen in this place.
 G = Mean time per level.
                   A        B        C        D        E       F      G
               +--------+--------+--------+--------+--------+-----+--------+
         Total |  41967 |  39905 |   2062 |   8453 |  25995 |  26 | 1614.1 |
       Dungeon |  25031 |  23677 |   1354 |   4390 |  15912 |  15 | 1668.7 |
        Temple |    145 |     75 |     70 |      0 |     59 |   1 |  145.0 |
          Lair |  11618 |  11120 |    498 |   3272 |   6601 |   6 | 1936.3 |
         Swamp |   1250 |   1211 |     39 |    293 |    800 |   2 |  625.0 |
  Orcish Mines |   3922 |   3823 |     99 |    498 |   2622 |   2 | 1961.0 |
               +--------+--------+--------+--------+--------+-----+--------+

Top non-repeatable levels by time:
  Lair:6: 2890 daAuts
    D:11: 2724 daAuts
   Orc:2: 2608 daAuts
  Lair:4: 2506 daAuts
    D:10: 2356 daAuts
    D:13: 2175 daAuts
     D:8: 2109 daAuts
  Lair:3: 1936 daAuts
  Lair:5: 1815 daAuts
    D:12: 1789 daAuts
     D:9: 1747 daAuts
     D:2: 1717 daAuts
    D:15: 1680 daAuts
  Lair:2: 1550 daAuts
     D:5: 1470 daAuts
